 Dungeon Crawl Stone Soup version 0.26-a0-542-gbaa144ba5c (console) character file.

Game seed: 12113580931012772405

8 FIQ the Gusty (level 2, 0/23 HPs)
             Began as a Gnoll Wanderer on Aug 18, 2020.
             Slain by a bat (1 damage)
             ... on level 1 of the Dungeon.
             The game lasted 00:00:37 (448 turns).

FIQ the Gusty (Gnoll Wanderer)                       Turns: 448, Time: 00:00:38

Health: 0/23       AC:  2    Str: 12    XL:     2   Next: 8%
Magic:  7/7        EV: 11    Int: 16    God:
Gold:   31         SH:  0    Dex: 14    Spells: 10/10 levels left

rFire    . . .     SeeInvis .   a - +0 hand axe
rCold    . . .     Faith    .   (no shield)
rNeg     . . .     Spirit   .   d - +0 robe
rPois    .         Reflect  .   (no helmet)
rElec    .         Harm     .   (no cloak)
rCorr    .                      (no gloves)
MR       .....                  (no boots)
Stlth    +.........             (no amulet)
HPRegen  0.07/turn              (no ring)
MPRegen  0.10/turn              (no ring)

@: no status effects
A: distributed training, fangs 1, strong nose
a: no special abilities


You were on level 1 of the Dungeon.
You visited 1 branch of the dungeon, and saw 1 of its levels.

You collected 31 gold pieces.

Inventory:

Hand Weapons
 a - a +0 hand axe (weapon)
Armour
 d - a +0 robe (worn)
Scrolls
 b - a scroll of immolation {unknown}
 c - a scroll of identify {unknown}


   Skills:
 + Level 2.4 Fighting
 + Level 0.2 Short Blades
 + Level 0.2 Long Blades
 + Level 0.2 Axes
 + Level 0.2 Maces & Flails
 + Level 0.2 Polearms
 + Level 0.2 Staves
 + Level 0.2 Slings
 + Level 0.2 Bows
 + Level 0.2 Crossbows
 + Level 0.2 Throwing
 + Level 4.4 Armour
 + Level 0.2 Dodging
 + Level 0.2 Stealth
 + Level 0.2 Shields
 + Level 0.2 Unarmed Combat
 + Level 4.9 Spellcasting
 + Level 0.1 Conjurations
 + Level 0.1 Hexes
 + Level 0.1 Summonings
 + Level 0.1 Necromancy
 + Level 0.1 Translocations
 + Level 0.1 Transmutations
 + Level 0.1 Fire Magic
 + Level 0.1 Ice Magic
 + Level 5.3 Air Magic
 + Level 0.1 Earth Magic
 + Level 0.1 Poison Magic
 + Level 0.3 Invocations
 + Level 4.4 Evocations


You had 10 spell levels left.
You didn't know any spells.
Your spell library contained the following spells:

 Spells                   Type           Power        Failure   Level
 Swiftness                Air            ###.....     2%          2
 Shock                    Conj/Air       ##..         4%          1
 Apportation              Tloc           #.....       14%         1
 Static Discharge         Conj/Air       ##......     16%         3
 Airstrike                Air            ###.......   17%         4
 Portal Projectile        Hex/Tloc       #.....       41%         3
 Lightning Bolt           Conj/Air       ##........   80%         5


Dungeon Overview and Level Annotations

Branches:
Dungeon (1/15)

Altars:


Innate Abilities, Weirdness & Mutations

Your experience applies equally to all skills.
You have very sharp teeth.
Your uncanny sense of smell can sniff out nearby items.


Message History

The bat misses you.
You see here a bat corpse.
The bat hits you but does no damage.
You miss the bat. The bat closely misses you. x2
The bat closely misses you. The bat barely misses you.
The bat closely misses you. The bat misses you. The bat barely misses you.
The bat hits you but does no damage. The bat hits you.
* * * LOW HITPOINT WARNING * * *
You closely miss the bat. The bat barely misses you.
The bat completely misses you. The bat barely misses you. The bat hits you.
* * * LOW HITPOINT WARNING * * *
The bat hits you but does no damage. The bat hits you but does no damage.
The bat closely misses you. The bat hits you.
You die...

§§§§..######.#.#.## ...
'§≈≈..#........#..#
....
#≈≈≈..#.####.###..##...
≈8≈≈.................∆
≈≈8≈..#.####.###.#.####
≈≈≈≈#.#...$..###......#
......#.......†.()....#
########.#######†.....#
.. ........#+#### ...
#######.# .. #@# .
.######b# ......).#
........# ........#
.........# .........#
.........# ........##
#######.# #.#


You could see a bat.

Vanquished Creatures
  A hobgoblin (D:1)
  2 kobolds (D:1)
  A bat (D:1)
  2 goblins (D:1)
  3 rats (D:1)
9 creatures vanquished.

Notes
Turn   | Place    | Note
-------+----------+-------------------------------------------
     0 | D:1      | FIQ the Gnoll Wanderer began the quest for the Orb.
     0 | D:1      | FIQ set off with the following items: a +0 hand axe, a +0
                  | robe; and the following spells available to memorise:
                  | Swiftness, Shock, Apportation, Static Discharge, Airstrike,
                  | Portal Projectile, Lightning Bolt
     0 | D:1      | Reached XP level 1. HP: 17/17 MP: 6/6
   427 | D:1      | Reached XP level 2. HP: 2/23 MP: 7/7
   427 | D:1      | HP: 1/23 [kobold (1)]
   441 | D:1      | HP: 1/23 [bat (1)]
   448 | D:1      | Slain by a bat

Illustrated notes

Levels and vault maps discovered:
D:1:      lightli_arrival_boilingwater, layout_basic

Action                   || total
-------------------------++-------
Melee: Hand axe          ||    31
       Bite              ||     3
Armor: Robe              ||    18
Dodge: Dodged            ||    53

Table legend: (Time is in decaauts)
 A = Elapsed time spent in this place.
 B = Non-inter-level travel time spent in this place.
 C = Inter-level travel time spent in this place.
 D = Time resting spent in this place.
 E = Time spent auto-exploring this place.
 F = Levels seen in this place.
 G = Mean time per level.
                   A        B        C        D        E       F      G
               +--------+--------+--------+--------+--------+-----+--------+
         Total |    462 |    462 |      0 |      0 |    374 |   1 |  462.0 |
       Dungeon |    462 |    462 |      0 |      0 |    374 |   1 |  462.0 |
               +--------+--------+--------+--------+--------+-----+--------+

Top non-repeatable levels by time:
     D:1: 462 daAuts
